AoeStats
← schmeno

Arabia

510241160Analyzed
1v1 RM · 3d ago on Sep 30, 2026· 32m 25s· 2 players
Game mode
Random Map
Map size
Tiny (2 player)
Population
200
Speed
Normal
Resources
Standard
Victory
Conquest
Starting age
Dark Age
Ending age
Imperial Age
RankedLock teamsTeams togetherTeam positionsShared explorationLock speedFull tech treeHidden civsTurbo modeCheats
Victory
Defeat
🇺🇸 Saxons · United States
1164
+15
🇨🇳 Berbers · China
1148
-15
cdjkys
9:18 Feudal Age
9:50 Double-Bit Axe
10:03 Horse Collar
19:49 Castle Age
18:37 Gold Mining
22:27 Gold Shaft Mining
schmeno
6:30 Loom
8:45 Feudal Age
9:49 Double-Bit Axe
19:52 Castle Age
17:56 Horse Collar
18:34 Fletching
18:43 Stone Mining
20:32 Bodkin Arrow
24:18 Gold Mining
31:15 Padded Archer Armor
Connection lost

Rejoining the realm…

Still unreachable

The connection could not be restored.

Session expired

The server has moved on; the page needs a fresh start.